 Dungeon Crawl Stone Soup version 0.31-a0-981-geadf994542 (webtiles) character file.

Game seed: 6534461471917657576

99 sammy202020 the Trooper (level 4, 0/29 HPs)
             Began as a Gargoyle Fighter on Oct 31, 2023.
             Slain by a gnoll
             ... wielding a +0 heavy flail
              (12 damage)
             ... on level 3 of the Dungeon.
             The game lasted 00:02:16 (1933 turns).

sammy202020 the Trooper (Gargoyle Fighter)          Turns: 1933, Time: 00:02:17

Health: 0/29       AC: 15    Str: 20    XL:     4   Next: 72%
Magic:  4/4        EV:  8    Int: 10    God:
Gold:   108        SH:  4    Dex:  9    Spells: 3/3 levels left

rFire   + . .        a - +0 flail (freeze)
rCold   . . .        c - +0 buckler
rNeg    + + .        k - +0 chain mail
rPois   ∞            e - +1 helmet
rElec   +            (no cloak)
rCorr   .            (no gloves)
SInv    .            (no boots)
Will    .....        (no amulet) Stlth
                     j - ring of protection from fire
HPRegen 0.24/turn    l - ring of positive energy
MPRegen 0.09/turn

%: no passive effects
@: mighty
A: sickness immunity, AC +3, negative energy resistance 1, electricity
resistance, torment resistance 1, petrification resistance
a: no special abilities


You were on level 3 of the Dungeon.
You visited 1 branch of the dungeon, and saw 3 of its levels.

You collected 108 gold pieces.

Inventory:

Hand Weapons
 a - a +0 flail of freezing (weapon)
 h - a +0 hand axe
Armour
 c - a +0 buckler (worn)
 e - a +1 helmet (worn)
 k - a +0 chain mail (worn)
Jewellery
 j - a ring of protection from fire (left hand)
 l - a ring of positive energy (right hand)
Scrolls
 f - 4 scrolls of immolation
 m - a scroll of poison
Potions
 b - a potion of brilliance
 g - a potion of berserk rage {unknown}
 i - a potion of attraction {unknown}
 o - a potion of degeneration {unknown}


   Skills:
 * Level 3.9 Fighting
 * Level 2.9 Maces & Flails
 * Level 3.9 Armour
 + Level 0.8 Dodging
 * Level 3.9 Shields


You had 3 spell levels left.
You didn't know any spells.
Your spell library contained the following spells:

 Spells                   Type           Power      Damage    Failure   Level
 Apportation              Tloc           0%         N/A       98%         1
 Magic Dart               Conj           0%         1d3       98%         1
 Necrotise                Necr           0%         1d4       98%         1
 Summon Small Mammal      Summ           0%         N/A       98%         1
 Searing Ray              Conj           0%         2d4       99%         2
 Fulminant Prism          Conj/Hex       0%         3d5       100%        4


Dungeon Overview and Level Annotations

Branches:
Dungeon (3/15)

Altars:


Innate Abilities, Weirdness & Mutations

You are immune to sickness and miasma.
Your stone body is resilient. (AC +3)
You are immune to poison.
You resist negative energy. (rN+)
You are resistant to electric shocks. (rElec)
You are resistant to unholy torment.
You are immune to petrification.


Message History

The gnoll is moderately wounded.
The gnoll hits you with a +0 heavy flail!
You hit the gnoll but do no damage.
The gnoll is moderately wounded.
The gnoll hits you with a +0 heavy flail.
You are too injured to fight recklessly!
You are too injured to fight recklessly!
You are too injured to fight recklessly!
You are too injured to fight recklessly!
You are too injured to fight recklessly!
You are too injured to fight recklessly!
You are too injured to fight recklessly!
You are too injured to fight recklessly!
You are too injured to fight recklessly!
You are too injured to fight recklessly!
You are too injured to fight recklessly!
You are too injured to fight recklessly!
You are too injured to fight recklessly!
You are too injured to fight recklessly!
You are too injured to fight recklessly!
You are too injured to fight recklessly!
You are too injured to fight recklessly!
You are too injured to fight recklessly!
You are too injured to fight recklessly!
You are too injured to fight recklessly!
You are too injured to fight recklessly!
You are too injured to fight recklessly!
Sorry, you're not good enough to have a special ability.
Sorry, you're not good enough to have a special ability.
You feel very mighty all of a sudden.
The gnoll hits you with a +0 heavy flail.
You hit the gnoll. You freeze the gnoll.
The gnoll is heavily wounded.
You barely miss the gnoll.
The gnoll is heavily wounded.
You block the gnoll's attack.
You closely miss the gnoll.
The gnoll is heavily wounded.
The gnoll hits you with a +0 heavy flail!
You die...

#.# #.# #.# #.# #.#
###.# ..#.#######
..#..........#######
...............g@..#
..##########.#####.#
.<# #.# ### #.# #
#<## # #..# # ##>#
#### #.# †..######.
#.#


You could see a gnoll.

Vanquished Creatures
  3 adders
  4 dart slugs
  3 orcs (D:2)
  2 ball pythons
  2 bats (D:2)
  12 endoplasms
  3 giant cockroaches
  3 goblins (D:1)
  5 hobgoblins
  3 jackals (D:1)
  2 quokkas (D:1)
  2 frilled lizards (D:1)
  5 kobolds
  6 rats
55 creatures vanquished.

Notes
Turn   | Place    | Note
-------+----------+-------------------------------------------
     0 | D:1      | sammy202020 the Gargoyle Fighter began the quest for the
                  | Orb.
     0 | D:1      | Reached XP level 1. HP: 14/14 MP: 1/1
   194 | D:1      | Reached XP level 2. HP: 19/19 MP: 2/2
   250 | D:1      | Reached XP level 3. HP: 22/23 MP: 3/3
  1168 | D:2      | Reached XP level 4. HP: 23/29 MP: 4/4
  1933 | D:3      | Slain by a gnoll

Illustrated notes

Levels and vault maps discovered:
D:1:      mrwooster_arrival_arrow, layout_basic, minmay_vboxes
D:2:      layout_basic
D:3:      layout_loops_ring

Action                     |  1- 3 |  4- 6 || total
---------------------------+-------+-------++-------
  Melee: Flail             |    97 |    59 ||   156
    Use: Scroll            |     6 |     1 ||     7
         Potion            |       |     1 ||     1
 Armour: Chain mail        |    72 |    44 ||   116
  Dodge: Dodged            |    45 |    32 ||    77
  Block: Buckler           |    18 |    16 ||    34

Table legend: (Time is in decaauts)
 A = Elapsed time spent in this place.
 B = Non-inter-level travel time spent in this place.
 C = Inter-level travel time spent in this place.
 D = Time resting spent in this place.
 E = Time spent auto-exploring this place.
 F = Levels seen in this place.
 G = Mean time per level.
                   A        B        C        D        E       F      G
               +--------+--------+--------+--------+--------+-----+--------+
         Total |   1981 |   1905 |     76 |    200 |   1291 |   3 |  660.3 |
       Dungeon |   1981 |   1905 |     76 |    200 |   1291 |   3 |  660.3 |
               +--------+--------+--------+--------+--------+-----+--------+

Top non-repeatable levels by time:
     D:1: 1011 daAuts
     D:2: 871 daAuts
     D:3: 98 daAuts
